 Dungeon Crawl Stone Soup version 0.30-a0-241-g1121274140 (webtiles) character file.

Game seed: 17827623201696296525

326 bande the Covered (level 6, 0/38 HPs)
             Began as a Gargoyle Fighter on Oct 11, 2022.
             Was a Follower of Okawaru.
             Slain by Pikel
             ... wielding a +0 whip of electrocution
              (5 damage)
             ... on level 3 of the Dungeon.
             The game lasted 00:07:20 (3706 turns).

bande the Covered (Gargoyle Fighter)                Turns: 3706, Time: 00:07:20

Health: 0/38       AC: 15    Str: 20    XL:     6   Next: 49%
Magic:  7/7        EV:  9    Int:  8    God:    Okawaru [*.....]
Gold:   81         SH:  4    Dex: 11    Spells: 5/5 levels left

rFire   . . .      SeeInvis .    a - +1 war axe
rCold   . . .      Faith    .    c - +0 buckler
rNeg    + . .      Spirit   .    b - +0 scale mail
rPois   ∞          Reflect  .    (no helmet)
rElec   +          Harm     .    (no cloak)
rCorr   .          Rampage  .    q - +0 pair of gloves
Will    .....                    i - +1 pair of boots
Stlth   ..........               (no amulet)
HPRegen 0.26/turn                (no ring)
MPRegen 0.10/turn                (no ring)

@: no status effects
A: sickness immunity, AC +4, negative energy resistance 1, electricity
resistance, torment resistance 1, petrification resistance
a: Renounce Religion, Heroism


You were on level 3 of the Dungeon.
You worshipped Okawaru.
Okawaru was aware of your devotion.
You visited 1 branch of the dungeon, and saw 4 of its levels.

You collected 81 gold pieces.

Inventory:

Hand Weapons
 a - a +1 war axe (weapon)
 p - a +1 mace of protection
Armour
 b - a +0 scale mail (worn)
 c - a +0 buckler (worn)
 i - a +1 pair of boots (worn)
 q - a +0 pair of gloves (worn)
Scrolls
 g - a scroll of enchant armour
 l - 2 scrolls of blinking
Potions
 d - a potion of might
 e - a potion of invisibility
 f - a potion of heal wounds {unknown}
 h - 3 potions of curing
 j - a potion of lignification {unknown}
 o - 2 potions of magic


   Skills:
 + Level 4.1 Fighting
 + Level 4.0 Axes
 + Level 4.5 Armour
 - Level 0.2 Stealth
 + Level 4.0 Shields
 * Level 2.1 Invocations


You had 5 spell levels left.
You didn't know any spells.
Your spell library contained the following spells:

 Spells                   Type           Power      Damage    Failure   Level
 Necrotise                Necr           0%         1d4       83%         1
 Vampiric Draining        Necr           0%         2d6       99%         3
 Agony                    Necr           0%         N/A       100%        5
 Summon Ice Beast         Ice/Summ       Unusable   N/A       N/A         4
 Summon Mana Viper        Hex/Summ       Unusable   N/A       N/A         5
 Monstrous Menagerie      Summ           Unusable   N/A       N/A         7

Dungeon Overview and Level Annotations

Branches:
Dungeon (4/15)
 Temple: D:4-7

Altars:
Kikubaaqudgha
Okawaru

Shops:
D:3 ?

Annotations:
D:3 Pikel


Innate Abilities, Weirdness & Mutations

You are immune to sickness and miasma.
Your stone body is resilient. (AC +4)
You are immune to poison.
You resist negative energy. (rN+)
You are resistant to electric shocks. (rElec)
You are resistant to unholy torment.
You are immune to petrification.


Message History

That felt strangely unrewarding.
Pikel hits you but does no damage.
You closely miss Pikel.
Pikel is severely wounded.
Pikel hits you with a +0 whip of electrocution.
* * * LOW HITPOINT WARNING * * *
Pikel hits you but does no damage.
You hit Pikel.
Pikel is severely wounded.
Pikel barely misses you.
You closely miss Pikel.
Pikel is severely wounded.
Pikel hits you with a +0 whip of electrocution.
* * * LOW HITPOINT WARNING * * *
You closely miss Pikel.
Pikel is severely wounded.
Pikel closely misses you.
You closely miss Pikel.
Pikel is severely wounded.
Pikel cracks his whip.
Pikel closely misses you. x2
You barely miss Pikel.
Pikel is severely wounded.
Pikel hits you with a +0 whip of electrocution.
* * * LOW HITPOINT WARNING * * *
You hit Pikel but do no damage.
Pikel is severely wounded.
Pikel completely misses you.
You hit Pikel.
Pikel is severely wounded.
You block Pikel's attack.
Pikel hits you with a +0 whip of electrocution.
* * * LOW HITPOINT WARNING * * *
You miss Pikel.
Pikel is severely wounded.
Pikel closely misses you.
You hit Pikel but do no damage.
Pikel is severely wounded.
Pikel hits you but does no damage.
Pikel hits you with a +0 whip of electrocution.
You die...

.####..#####.#####.##############
#..##...............##
......######.###.###.# ......#
#.)......# #.# ....>.#
#..#####.###.##### # .....## #..#
#.........######## .....####..#
#.#........)...... ##.#...†...#
#.#.#.###.######## ##.#.#####.#
###@#.#.# #.########
.#.#.##....###..K..#.# #.........
#..#.##.#......#.#.#.# ##########
##...............#.#.# ##
#...........#..###.#.# #.
.######..............# #. ##
#####.#..####### #. .# #.#..# ##.
.# #.#..# #..


You could see Pikel.

Vanquished Creatures
  A lemure (D:3)
  A gnoll bouda (D:3)
  An orc priest (D:3)
  2 iguanas (D:3)
  7 gnolls
  6 adders
  5 dart slugs
  3 orcs (D:3)
  5 bats
  4 endoplasms
  3 giant cockroaches
  7 goblins
  6 hobgoblins
  6 jackals
  5 quokkas
  8 ball pythons
  9 frilled lizards
  3 kobolds
  11 rats
93 creatures vanquished.

Notes
Turn   | Place    | Note
-------+----------+-------------------------------------------
     0 | D:1      | bande the Gargoyle Fighter began the quest for the Orb.
     0 | D:1      | Reached XP level 1. HP: 14/14 MP: 1/1
   204 | D:1      | Reached XP level 2. HP: 17/19 MP: 2/2
   582 | D:1      | Reached XP level 3. HP: 20/23 MP: 3/3
  1026 | D:2      | Found an ancient bone altar of Kikubaaqudgha.
  1051 | D:2      | Found a faded altar of an unknown god.
  1459 | D:2      | Reached XP level 4. HP: 29/29 MP: 4/4
  1492 | D:3      | Found an iron altar of Okawaru.
  1498 | D:3      | Became a worshipper of Warmaster Okawaru
  1512 | D:3      | Identified the +7 giant club "Ultimatum" {vorpal, Contam
                  | rElec Will+}
  1745 | D:3      | Reached XP level 5. HP: 14/33 MP: 5/5
  1969 | D:3      | Reached skill level 1 in Invocations
  2055 | D:3      | Reached * piety under Okawaru
  2829 | D:3      | Reached XP level 6. HP: 34/38 MP: 7/7
  2833 | D:3      | Found Enkuttaf's Magic Scroll Shop.
  3543 | D:4      | Noticed Pikel
  3706 | D:3      | Slain by Pikel

Illustrated notes

Levels and vault maps discovered:
D:1:      lemuel_arrival_muddy, layout_basic
D:2:      layout_basic, basic_ecumenical_altar, basic_altar, nrook_loot_triangle
D:3:      minmay_chambers_of_threes, layout_loops_ring,
          mainiacjoe_overflow_tiny_flanked, serial_shops,
          nicolae_shop_waterfront
D:4:      layout_cave_pools, kennysheep_nub, uniq_pikel, uniq_edmund

Skill      XL: |  1  2  3  4  5  6 |
---------------+-------------------+-----
Axes           | 2 3 4 |  4.0
Armour         | 4 |  4.5
Invocations    | 1 2 |  2.1
Fighting       | 4 |  4.1
Shields        | 4 |  4.0
Stealth        | |  0.2

Action                   |  1- 3 |  4- 6 || total
-------------------------+-------+-------++-------
Melee: War axe           |   128 |   231 ||   359
  Use: Scroll            |     4 |     6 ||    10
Armor: Scale mail        |    75 |   141 ||   216
Dodge: Dodged            |    65 |   106 ||   171
Block: Buckler           |    25 |    55 ||    80

Table legend: (Time is in decaauts)
 A = Elapsed time spent in this place.
 B = Non-inter-level travel time spent in this place.
 C = Inter-level travel time spent in this place.
 D = Time resting spent in this place.
 E = Time spent auto-exploring this place.
 F = Levels seen in this place.
 G = Mean time per level.
                   A        B        C        D        E       F      G
               +--------+--------+--------+--------+--------+-----+--------+
         Total |   3854 |   3821 |     33 |   1153 |   1718 |   4 |  963.5 |
       Dungeon |   3854 |   3821 |     33 |   1153 |   1718 |   4 |  963.5 |
               +--------+--------+--------+--------+--------+-----+--------+

Top non-repeatable levels by time:
     D:3: 2244 daAuts
     D:2: 783 daAuts
     D:1: 754 daAuts
     D:4: 71 daAuts
